 Dungeon Crawl Stone Soup version 0.29.1-12-g30fa7ad0bf (webtiles) character file.

Game seed: 17694043424485128557

83 H0rd4k the Charlatan (level 4, 0/30 HPs)
             Began as an Octopode Artificer on Dec 14, 2022.
             Slain by a ball python (3 damage)
             ... on level 3 of the Dungeon.
             The game lasted 00:01:55 (2181 turns).

H0rd4k the Charlatan (Octopode Artificer)           Turns: 2181, Time: 00:01:55

Health: 0/30       AC:  1    Str: 11    XL:     4   Next: 44%
Magic:  6/6        EV: 13    Int: 15    God:
Gold:   120        SH:  0    Dex: 12    Spells: 6/6 levels left

rFire   . . .      SeeInvis .     - Unarmed
rCold   . . .      Faith    .   (no shield)
rNeg    . . .      Spirit   .   (helmet restricted)
rPois   .          Reflect  .   (no amulet)
rElec   .          Harm     .   f - ring of flight
rCorr   .          Rampage  .   (no ring)
Will    .....                   (no ring)
Stlth   +++.......              (no ring)
HPRegen 0.10/turn               (no ring)
MPRegen 0.10/turn               (no ring)
                                (no ring)
                                (no ring)

@: flying
A: almost no armour, amphibious, 8 rings, camouflage 1, gelatinous body 1,
(nimble swimmer 1), tentacles
a: no special abilities


You were on level 3 of the Dungeon.
You visited 1 branch of the dungeon, and saw 3 of its levels.

You collected 120 gold pieces.

Inventory:

Magical Staves
 i - a staff of poison
Jewellery
 f - a ring of flight (left tentacle)
Wands
 b - a wand of flame (14) (quivered)
 c - a wand of charming (14)
 d - a wand of iceblast (3)
Scrolls
 a - 2 scrolls of vulnerability {unknown}
 g - 2 scrolls of teleportation {unknown}
 k - a scroll of amnesia {unknown}
 l - a scroll of enchant weapon {unknown}
Potions
 e - 2 potions of degeneration {unknown}
 h - a potion of heal wounds {unknown}
 j - 3 potions of curing {unknown}
 m - 2 potions of berserk rage {unknown}


   Skills:
 * Level 2.4 Fighting
 - Level 2.3 Dodging
 - Level 1.3 Stealth
 + Level 2.0 Unarmed Combat
 * Level 1.9 Spellcasting
 - Level 3.2 Evocations


You had 6 spell levels left.
You didn't know any spells.
Your spell library contained the following spells:

 Spells                   Type           Power      Damage    Failure   Level
 Summon Forest            Summ/Tloc      0%         N/A       99%         5
 Summon Mana Viper        Hex/Summ       1%         N/A       99%         5
 Summon Cactus Giant      Summ           0%         N/A       100%        6


Dungeon Overview and Level Annotations

Branches:
Dungeon (3/15)

Altars:


Innate Abilities, Weirdness & Mutations

You cannot wear most types of armour.
You are amphibious.
You can wear up to eight rings at the same time.
Your skin changes colour to match your surroundings (Stealth+).
Your rubbery body absorbs attacks. (AC +1, EV +1)
((You are camouflaged when in or above water. (Stealth+)))
You have tentacles for arms and can constrict up to eight enemies at once.


Message History

You tentacle-slap the bat but do no damage.
You grab the bat. You constrict the bat. The bat misses you.
The bat closely misses you.
You tentacle-slap the bat.
You kill the bat!
You hear the slow rusting of a very distant drain.
You tentacle-slap the giant cockroach but do no damage.
You grab the giant cockroach.
The giant cockroach is almost dead.
You constrict the giant cockroach.
You kill the giant cockroach!
You tentacle-slap the endoplasm.
You squeeze the endoplasm, but do no damage.
The endoplasm is severely wounded.
The endoplasm hits you.
* * * LOW HITPOINT WARNING * * *
Okay, then.
You tentacle-slap the endoplasm.
You kill the endoplasm!
The goblin shoots a sling bullet.
The sling bullet barely misses you.
Your Unarmed Combat skill increases to level 2!
Aiming: Iceblast
Press: ? - help, Shift-Dir - straight line, f - goblin
Aim: a goblin, wielding a +0 sling (moderately wounded)
The mass of ice explodes!
The iceblast engulfs the goblin!
You kill the goblin!
The iceblast engulfs the quokka!
You kill the quokka!
Aiming: Throw Flame
Press: ? - help, Shift-Dir - straight line, f - ball python
Aim: a ball python (68% to hit)
The puff of flame misses the ball python.
The puff of flame hits the endoplasm.
The endoplasm is severely wounded.
Unknown command.
You tentacle-slap the ball python. You grab the ball python.
You squeeze the ball python, but do no damage.
The ball python is moderately wounded.
You constrict the ball python. The ball python bites you.
You die...

#..# #(# #.# #..# ... ...
#..#########..# #.#
#.............# #.#
####.######...# #.# #.# ...# #.#
##..# #######.## #...# #........#
#@# #.#####..# #S# ##. ## #.#
#..# #K# #.##.## ##.
#.#####..####J###.#.#.#.#.#.
#.##........K.# ...#..#..#..#
####.##.##..####.###...#...#...#
.................##..#....#....#.
##......#.#........B..#.....#....
#.#.####...#####...r...#..r...#.


You could see an endoplasm, a ball python and 2 kobolds.

Vanquished Creatures
  2 gnolls (D:3)
  An adder (D:2)
  A worm (D:2)
  7 bats
  7 endoplasms
  A giant cockroach (D:3)
  A goblin (D:3)
  A hobgoblin (D:2)
  4 jackals (D:1)
  3 kobolds
  2 quokkas
  2 ball pythons
  3 frilled lizards
  6 rats
41 creatures vanquished.

Vanquished Creatures (collateral kills)
  A gnoll (D:3)
1 creature vanquished.

Vanquished Creatures (others)
  A gnoll (D:3)
1 creature vanquished.

Grand Total: 43 creatures vanquished

Notes
Turn   | Place    | Note
-------+----------+-------------------------------------------
     0 | D:1      | H0rd4k the Octopode Artificer began the quest for the Orb.
     0 | D:1      | Reached XP level 1. HP: 13/13 MP: 1/1
   265 | D:1      | Reached XP level 2. HP: 10/18 MP: 2/2
   568 | D:1      | Reached skill level 1 in Spellcasting
  1081 | D:2      | Reached skill level 1 in Unarmed Combat
  1081 | D:2      | Reached XP level 3. HP: 20/24 MP: 3/5
  1167 | D:2      | Found a faded altar of an unknown god.
  2150 | D:3      | Reached XP level 4. HP: 30/30 MP: 6/6
  2181 | D:3      | Slain by a ball python

Illustrated notes

Levels and vault maps discovered:
D:1:      lightli_arrival_maybe_door_vault, layout_rooms
D:2:      layout_basic, shapermc_ecumenical_altar_hornbeckon
D:3:      layout_loops_ring, overflow_temple_1_default, portal_sewer_entry_d,
          dk_noncrumbling_3, kennysheep_small_spiral, minmay_increasing_density

Skill      XL: |  1  2  3  4 |
---------------+-------------+-----
Spellcasting   | 1 |  1.9
Fighting       | 2 |  2.4
Unarmed Combat | 1 2 |  2.0
Dodging        | |  2.3
Stealth        | |  1.3
Evocations     | |  3.2

Action                   |  1- 3 |  4- 6 || total
-------------------------+-------+-------++-------
Melee: Unarmed           |    77 |    13 ||    90
       Constrict         |    21 |     6 ||    27
       Tentacles         |    13 |     2 ||    15
       Punch             |     1 |       ||     1
Evoke: Wand              |     1 |     3 ||     4
 Stab: Sleeping          |    10 |       ||    10
Armor: Skin              |     9 |     2 ||    11
Dodge: Dodged            |    52 |    24 ||    76
